 Dungeon Crawl Stone Soup version 0.27-a0-661-gca034ae587 (webtiles) character file.

Game seed: 11171297580813859008

345 JoanKharjo the Shooter (level 6, -1/43 HPs)
             Began as a Human Arcane Marksman on Mar 17, 2021.
             Slain by a centaur (3 damage)
             ... on level 4 of the Dungeon.
             The game lasted 00:13:21 (4704 turns).

JoanKharjo the Shooter (Human Arcane Marksman)      Turns: 4704, Time: 00:13:22

Health: -1/43      AC:  5    Str: 11    XL:     6   Next: 89%
Magic:  6/7        EV: 16    Int: 15    God:
Gold:   245        SH:  0    Dex: 13    Spells: 1/7 levels left

rFire    . . .     SeeInvis .   n - +1 dagger (speed)
rCold    + . .     Faith    .   (no shield)
rNeg     . . .     Spirit   .   s - +1 robe {rC+} {rC+}
rPois    .         Reflect  .   d - +0 helmet
rElec    .         Harm     .   h - scarf {repulsion}
rCorr    +         Rampage  .   r - +0 pair of gloves
Will     .....                  (no boots)
Stlth    +.........             (no amulet)
HPRegen  0.14/turn              q - +4 ring of evasion
MPRegen  0.10/turn              C - ring of resist corrosion

@: repel missiles
A: no striking features
a: no special abilities


You were on level 4 of the Dungeon.
You visited 1 branch of the dungeon, and saw 5 of its levels.

You collected 245 gold pieces.

Inventory:

Hand Weapons
 a - a +0 shortbow
 g - a +2 hunting sling of freezing
 l - a +1 dagger of holy wrath
 m - a +0 spear
 n - a +1 dagger of speed (weapon)
Missiles
 b - 58 arrows
 Q - 121 stones
Armour
 d - a +0 helmet (worn)
 h - a scarf of repulsion (worn)
 r - a +0 pair of gloves (worn)
 s - a +1 robe of cold resistance (worn) {rC+}
Jewellery
 q - a +4 ring of evasion (right hand)
 C - a ring of resist corrosion (left hand)
 G - an amulet of guardian spirit {Spirit}
Wands
 v - a wand of paralysis (6)
Scrolls
 c - 5 scrolls of amnesia
 e - a scroll of magic mapping {!r}
 i - a scroll of identify
Potions
 f - a potion of berserk rage {!q}
 j - 2 potions of flight
 o - 2 potions of might
 u - a potion of resistance


   Skills:
 - Level 1.0 Fighting
 * Level 5.6 Bows
 - Level 2.0 Dodging
 - Level 1.0 Spellcasting
 + Level 4.7 Hexes


You had one spell level left.
You knew the following spells:

 Your Spells              Type           Power      Damage    Failure   Level
a - Inner Flame           Hex/Fire       7%         N/A       28%         3
s - Slow                  Hex            14%        N/A       5%          2
v - Corona                Hex            15%        N/A       3%          1

Your spell library contained the following spells:

 Spells                   Type           Power      Damage    Failure   Level
 Portal Projectile        Hex/Tloc       14%        N/A       28%         3
 Cause Fear               Hex            7%         N/A       34%         4
 Leda's Liquefaction      Hex/Erth       3%         N/A       67%         4


Dungeon Overview and Level Annotations

Branches:
Dungeon (5/15)             Temple (0/1) D:4

Altars:
Uskayaw
Zin


Message History

Fire: 122 stones
Aim: a centaur, quivering arrows (lightly wounded, 70% to hit)
You shoot a stone.
The stone hits the centaur but does no damage.
The centaur closely misses you. The centaur hits you.
* * * LOW HITPOINT WARNING * * *
You take 5 damage, and have 11/43 hp.
Unknown command.
As you read the scroll labelled KEZIRONLEO, it crumbles to dust.
You feel aware of your surroundings.
It was a scroll of magic mapping.
The centaur barely misses you.
The centaur hits you but does no damage.
Blink to where?
Are you sure you want to cancel this blink?
Okay, then.
As you read the scroll labelled JAIL ZUSIU, it crumbles to dust.
It was a scroll of blinking.
The centaur hits you.
* * * LOW HITPOINT WARNING * * *
You take 5 damage, and have 6/43 hp.
Unknown command.
Okay, then.
Unknown command.
As you read the scroll labelled ARIDWA ZAKUTS, it crumbles to dust.
You smell a campfire.
It was a scroll of random uselessness.
The centaur completely misses you. The centaur hits you.
* * * LOW HITPOINT WARNING * * *
You take 4 damage, and have 2/43 hp.
As you read the scroll labelled ITHRUTE WIOSAEQ, it crumbles to dust.
It is a scroll of enchant armour.
Your +0 robe of cold resistance {rC+} glows green for a moment.
The centaur hits you but does no damage.
Really quaff
f - a potion of berserk rage {!q}?
Do you really want to go berserk while wielding your +2 hunting sling of freezing?
Okay, then.
Unknown command.
Your +2 hunting sling of freezing stops glowing.
Your hands tingle!
n - a +1 dagger of speed (weapon)
The centaur hits you.
You die...

.##.#.##.#.# ***
###......#.#
###.####.# #......#
#[####.#
****#.#.##.#########
,,,,#.#...........$#
,,,,#.#..#######.###
,,,,#.#..* #@..#
****#.#..* #c### *
#.#..* #(#
*****,#..* #(#
*,,,,,...******#.#
*,***,...,*,,,,..#
,,,,,,*,*,*,***..#
*,***,*,,,,,* *..#
*,,,,,*,*,*,***,,*


You could see a centaur.

Levels and vault maps discovered:
D:1:      minmay_arrival_hallway, layout_loops_corners
D:2:      layout_basic, marbit_many_paths, uniq_robin
D:3:      layout_basic
D:4:      minmay_evil_eye, layout_basic, old_standard_altar,
          minmay_temple_entry_hall
D:5:      layout_rooms, yredelemnul_forgotten_temple_becter,
          nicolae_overflow_hidden_temple

Notes
Turn   | Place    | Note
-------+----------+-------------------------------------------
     0 | D:1      | JoanKharjo the Human Arcane Marksman began the quest for
                  | the Orb.
     0 | D:1      | Reached XP level 1. HP: 15/15 MP: 2/2
   275 | D:1      | Reached XP level 2. HP: 21/21 MP: 0/3
   278 | D:1      | Learned a level 2 spell: Slow
   334 | D:1      | Identified a +0 helmet
   810 | D:1      | Identified a +2 hunting sling of freezing
   864 | D:1      | Identified a +0 shortbow
   938 | D:1      | Reached XP level 3. HP: 24/26 MP: 2/4
   941 | D:1      | Reached skill level 3 in Bows
  1007 | D:1      | Identified a +0 dagger
  1101 | D:1      | Identified a +0 scale mail
  1324 | D:2      | Identified a +0 dagger
  1324 | D:2      | Identified a +0 dagger
  1324 | D:2      | Identified a +1 dagger of holy wrath
  1324 | D:2      | Identified a +0 club
  1441 | D:2      | Identified a +0 hunting sling
  1441 | D:2      | Identified a +0 club
  1441 | D:2      | Identified a +0 club
  1441 | D:2      | Identified a +0 animal skin
  1441 | D:2      | Identified a +0 helmet
  1441 | D:2      | Noticed Robin
  1600 | D:2      | Identified a +0 club
  1600 | D:2      | Identified a +0 buckler
  1604 | D:2      | Identified a +0 club
  1641 | D:2      | Identified a +0 club
  1642 | D:2      | Identified a +0 ring mail
  1670 | D:2      | Killed Robin
  1671 | D:2      | Reached XP level 4. HP: 15/32 MP: 0/5
  1676 | D:2      | Identified a +0 club
  2172 | D:2      | Identified a +0 club
  2314 | D:2      | Identified a +0 ring mail
  2347 | D:2      | Reached skill level 4 in Bows
  2399 | D:2      | Found a glowing silver altar of Zin.
  2399 | D:2      | Identified a +0 dagger
  2428 | D:2      | Identified a +0 war axe
  2428 | D:2      | Identified a +0 leather armour
  2435 | D:2      | Reached XP level 5. HP: 34/37 MP: 3/6
  2522 | D:2      | Identified a +0 spear
  2527 | D:2      | Identified a +0 club
  2609 | D:2      | Identified a +0 whip
  2609 | D:2      | Identified a +0 hand axe
  2609 | D:2      | Identified a +1 dagger of speed
  2609 | D:2      | Identified a +0 robe
  2617 | D:2      | Identified a +0 hand axe
  2617 | D:2      | Identified a +0 leather armour
  2690 | D:2      | Reached skill level 4 in Hexes
  2789 | D:2      | Identified a +0 dagger
  3259 | D:3      | Identified a +0 dagger
  3284 | D:3      | Identified a +0 hunting sling
  3284 | D:3      | Identified an amulet of faith
  3300 | D:3      | Identified a +0 club
  3310 | D:3      | Identified a +0 club
  3324 | D:3      | Identified a +0 short sword
  3331 | D:3      | Identified a +4 ring of evasion
  3346 | D:3      | Identified a +0 dagger
  3355 | D:3      | Learned a level 3 spell: Inner Flame
  3388 | D:3      | Identified a +0 pair of gloves
  3402 | D:3      | Identified a +0 robe of cold resistance
  3508 | D:3      | Identified a ring of resist corrosion
  3530 | D:3      | You fall into a shaft and drop 2 floors!
  3530 | D:5      | Entered Level 5 of the Dungeon
  3558 | D:4      | Found a hide-covered altar of Uskayaw.
  3565 | D:4      | Identified a +0 flail
  3565 | D:4      | Identified a +0 whip
  3579 | D:3      | Identified a +0 club
  3599 | D:3      | Reached XP level 6. HP: 36/43 MP: 5/7
  3796 | D:3      | Identified a +0 hand axe
  3879 | D:3      | Identified 5 scrolls of identify
  3879 | D:3      | Identified 2 potions of flight
  3880 | D:3      | Identified 2 potions of might
  3881 | D:3      | Identified a potion of berserk rage
  3882 | D:3      | Identified a potion of degeneration
  3900 | D:4      | Reached skill level 5 in Bows
  3944 | D:4      | Identified a scarf of repulsion
  4006 | D:4      | Identified a +0 hand axe
  4066 | D:4      | Identified a +0 dagger
  4066 | D:4      | Identified a +0 robe
  4216 | D:4      | Identified a +0 hand axe
  4499 | D:4      | Identified a +0 leather armour
  4501 | D:4      | Paralysed by a gnoll for 2 turns
  4678 | D:4      | Identified an amulet of guardian spirit
  4680 | D:4      | Identified 5 scrolls of amnesia
  4681 | D:4      | Identified a potion of resistance
  4691 | D:4      | Identified a +0 shortbow
  4700 | D:4      | Identified 2 scrolls of magic mapping
  4701 | D:4      | Identified a scroll of blinking
  4701 | D:4      | HP: 6/43 [centaur (5)]
  4702 | D:4      | Identified a scroll of random uselessness
  4702 | D:4      | HP: 2/43 [centaur (5)]
  4703 | D:4      | Identified a scroll of enchant armour
  4704 | D:4      | Slain by a centaur

Table legend: (Time is in decaauts)
 A = Elapsed time spent in this place.
 B = Non-inter-level travel time spent in this place.
 C = Inter-level travel time spent in this place.
 D = Time resting spent in this place.
 E = Time spent auto-exploring this place.
 F = Levels seen in this place.
 G = Mean time per level.
                   A        B        C        D        E       F      G
               +--------+--------+--------+--------+--------+-----+--------+
         Total |   4748 |   4615 |    133 |    214 |   3713 |   5 |  949.6 |
       Dungeon |   4748 |   4615 |    133 |    214 |   3713 |   5 |  949.6 |
               +--------+--------+--------+--------+--------+-----+--------+

Top non-repeatable levels by time:
     D:2: 1928 daAuts
     D:1: 1324 daAuts
     D:4: 860 daAuts
     D:3: 628 daAuts
     D:5: 6 daAuts

Table legend:
 A = Kills in this place as a percentage of kills in entire the game.
 B = Kills by you in this place as a percentage of kills by you in the entire game.
 C = Kills by friends in this place as a percentage of kills by friends in the entire game.
 D = Other kills in this place as a percentage of other kills in the entire game.
 E = Experience gained in this place as a percentage of experience gained in the entire game.
 F = Experience gained in this place divided by the number of levels of this place that you have seen.
                   A       B       C       D       E      F
               +-------+-------+-------+-------+-------+----------------------
         Total | 100.0 | 100.0 |   N/A |   N/A | 100.0 |  98.6
       Dungeon | 100.0 | 100.0 |   N/A |   N/A | 100.0 |  98.6
               +-------+-------+-------+-------+-------+----------------------

Skill      XL: |  1  2  3  4  5  6 |
---------------+-------------------+-----
Bows           | 3 4 5 |  5.6
Hexes          | 4 |  4.7
Fighting       | |  1.0
Dodging        | |  2.0
Spellcasting   | |  1.0

Action                   |  1- 3 |  4- 6 || total
-------------------------+-------+-------++-------
Melee: Unarmed           |     3 |       ||     3
       Dagger            |     9 |       ||     9
 Fire: Shortbow          |    42 |       ||    42
       Hunting sling     |    43 |   166 ||   209
 Cast: Corona            |    20 |    24 ||    44
       Slow              |     1 |     3 ||     4
  Use: Scroll            |       |    10 ||    10
Armor: Robe              |    15 |     4 ||    19
Dodge: Dodged            |    30 |    54 ||    84
       Repelled          |       |     1 ||     1

Vanquished Creatures
  A scorpion (D:4)
  2 orc wizards
  A worker ant (D:4)
  Robin (D:2)
  4 gnolls (D:4)
  8 adders
  An ooze (D:2)
  An adder skeleton (D:4)
  3 dart slugs (D:1)
  3 leopard geckos
  5 orcs
  8 bats
  6 giant cockroaches
  16 goblins
  10 hobgoblins
  3 jackals (D:1)
  2 quokkas
  A ball python (D:2)
  5 frilled lizards
  2 kobolds
  3 rats
86 creatures vanquished.
